 Dungeon Crawl Stone Soup version 0.25.1-2-g60ff931df9 (webtiles) character file.

Game seed: 251910482492450562

9335 funkygono the Blocker (level 11, -1/94 HPs)
             Began as a Minotaur Fighter on Nov 19, 2020.
             Was the Champion of Zin.
             Slain by a polar bear (13 damage)
             ... on level 10 of the Dungeon on Nov 26, 2020.
             The game lasted 00:27:31 (11430 turns).

funkygono the Blocker (Minotaur Fighter)           Turns: 11430, Time: 00:27:32

Health: -1/94      AC: 16    Str: 30    XL:     11   Next: 21%
Magic:  12/12      EV: 12    Int:  5    God:    Zin [******]
Gold:   1149       SH: 14    Dex: 10    Spells: 10/10 levels left

rFire    + . .     SeeInvis .   A - +10 falchion of the Maze {vorpal, *Contam rC+ rN+}
rCold    + . .     Gourm    .   c - +1 kite shield
rNeg     + . .     Faith    +   q - +3 scale mail {rF+}
rPois    .         Spirit   .   (helmet restricted)
rElec    .         Reflect  .   F - +2 cloak
rCorr    .         Harm     .   U - +0 pair of gloves
MR       +....                  (no boots)
Stlth    ..........             v - amulet of faith
HPRegen  0.25/turn              T - +6 ring of strength
MPRegen  0.13/turn              y - ring of protection from magic

@: studying Ice Magic
A: retaliatory headbutt, horns 2
a: Recite, Vitalisation, Imprison, Sanctuary, Donate Gold, Renounce Religion


You were on level 10 of the Dungeon.
You worshipped Zin.
Zin was exalted by your worship.
You were not hungry.

You visited 1 branch of the dungeon, and saw 11 of its levels.
You also visited: Sewer and Bailey.

You collected 1264 gold pieces.
You donated 115 gold pieces to Zin.

Inventory:

Hand Weapons
 a - a +5 flail
 A - the +10 falchion of the Maze (weapon) {vorpal, *Contam rC+ rN+}
   (You took it off a crimson imp on level 5 of the Dungeon)

   It inflicts extra damage upon your enemies.
   It protects you from cold.
   It protects you from negative energy.
   It causes magical contamination when unequipped.
 J - the +9 quarterstaff of the Real Monster {speed, Int+4, unknown}
   (You found it on level 6 of the Dungeon)

   Attacks with this weapon are significantly faster.
   It affects your intelligence (+4).
 K - a +2 dagger of venom
Missiles
 g - 414 stones (quivered)
 k - 170 arrows
 o - 30 bolts
 E - 52 sling bullets
Armour
 c - a +1 kite shield (worn)
 p - a scarf of invisibility
 q - a +3 scale mail of fire resistance (worn)
 D - a +0 plate armour
 F - a +2 cloak (worn)
 Q - +0 steam dragon scales
 U - a +0 pair of gloves (worn)
Jewellery
 s - an uncursed ring of fire
 v - an amulet of faith (around neck)
 y - a ring of protection from magic (right hand)
 z - an uncursed ring of protection from fire
 B - an uncursed amulet of the acrobat
 C - a +6 ring of dexterity
 O - an uncursed ring of poison resistance
 S - an uncursed ring of flight
 T - a +6 ring of strength (left hand)
Wands
 r - a wand of random effects (10)
 L - a wand of enslavement (8)
 M - a wand of flame (6)
Scrolls
 i - 10 scrolls of teleportation
 m - 2 scrolls of identify
 n - 10 scrolls of remove curse
 H - a scroll of blinking
 I - a scroll of fog
 P - a scroll of immolation
Potions
 b - a potion of lignification
 d - a potion of might
 e - 2 potions of haste
 h - 8 potions of curing
 j - 3 potions of heal wounds
 l - 6 potions of flight
 t - a potion of invisibility
 u - 3 potions of mutation
 w - a potion of ambrosia
 G - 4 potions of stabbing
 N - 2 potions of brilliance
 R - a potion of cancellation
Books
 x - a manual of Ice Magic
Comestibles
 f - 16 rations


   Skills:
 + Level 8.0 Fighting
 + Level 10.5 Long Blades
 + Level 7.2 Maces & Flails
 + Level 9.7 Armour
 + Level 5.3 Dodging
 + Level 10.6 Shields
 + Level 3.1 Invocations


You had 10 spell levels left.
You didn't know any spells.
Your spell library contained the following spells:

 Spells                   Type           Power        Failure   Level  Hunger
 Magic Dart               Conj           #...         86%         1    ##.....
 Blink                    Tloc           N/A          95%         2    ###....
 Call Imp                 Summ           #.......     95%         2    ###....
 Slow                     Hex            #.......     95%         2    ###....
 Conjure Flame            Conj/Fire      #.......     99%         3    ####...
 Mephitic Cloud           Conj/Pois/Air  #.......     99%         3    ####...


Dungeon Overview and Level Annotations

Branches:
Dungeon (11/15)            Temple (0/1) D:7            Lair (0/6) D:10
    Orc (0/2) D:11          Sewer (visited)          Bailey (visited)

Altars:
Dithmenos
Fedhas
Gozag
Makhleb
Nemelex Xobeh
Ru
Xom
Yredelemnul
Zin

Shops:
D:7 (

Portals:
Ice
Cave: D:11

Annotations:
D:11 Sonja


Innate Abilities, Weirdness & Mutations

You reflexively headbutt those who attack you in melee.
You have a pair of horns on your head.


Message History

A sky beast appears from thin air!
Reactivating autopickup.
There is a stone staircase leading up here.
The wolf howls!
The ice beast hits you but does no damage.
You block the polar bear's attack. The polar bear barely misses you.
The polar bear misses you.
You climb upwards.
There is a stone staircase leading down here.
Unknown command.
You hit the ice beast but do no damage. Your headbutt misses the ice beast.
The ice beast is heavily wounded.
The ice beast hits you but does no damage.
The polar bear bites you but does no damage.
The polar bear closely misses you.
The polar bear claws you but does no damage.
You slash the ice beast! You headbutt the ice beast.
You kill the ice beast!
The polar bear bites you!
You die...

..............#....#......#
..............#....#..รท...#
..............#....#......#
..............#....#......#
......##############......#
...................#......#
#######............#......#
...................#......#
.........>......@h.#......#
......########.....########
...........#..............#
...........#..............#
...........#..............#
...........#..............#
...........#..............#
###########################


You could see a polar bear.

Vanquished Creatures
  A two-headed ogre (D:9)
  A deep elf mage (D:10)
  2 cyclopes
  An elephant (D:10)
  A hippogriff (D:9)
  Sigmund (D:3)
  2 basilisks (D:10)
  A hungry ghost (D:7)
  9 yaks
  3 ice beasts
  9 orc warriors
  A black bear (D:7)
  2 phantoms
  A necrophage (D:2)
  A sky beast (D:5)
  3 ogres
  5 centaurs
  A big kobold (D:7)
  6 bullfrogs
  A wyvern zombie (D:10)
  2 scorpions
  3 killer bees (D:9)
  4 wights (D:10)
  4 howler monkeys
  2 electric eels (D:10)
  2 crimson imps
  2 centaur zombies
  2 bullfrog zombies
  2 jellies
  A quasit (D:5)
  4 orc wizards
  3 hounds (D:4)
  A gnoll shaman (D:7)
  5 orc priests
  2 centaur skeletons
  Ijyb (D:3)
  3 iguanas
  Terence (D:3)
  3 worker ants
  A killer bee zombie (D:6)
  2 bullfrog simulacra (D:11)
  A hound skeleton (D:4)
  A mummy (D:6)
  10 adders
  8 gnolls
  A hound simulacrum (D:11)
  A white imp (D:11)
  An ufetubus (D:11)
  3 oozes
  2 adder zombies
  2 adder skeletons (D:4)
  4 worms
  4 dart slugs
  10 leopard geckos
  19 orcs
  2 ball pythons
  11 giant cockroaches
  4 goblins
  16 hobgoblins
  8 jackals
  8 quokkas
  10 bats
  3 frilled lizards
  2 hobgoblin zombies (D:6)
  25 kobolds
  2 kobold zombies (D:6)
  A leopard gecko skeleton (D:4)
  7 rats
268 creatures vanquished.

Vanquished Creatures (others)
  Maggie (D:9)
  An ufetubus (D:11)
2 creatures vanquished.

Grand Total: 270 creatures vanquished

Notes
Turn   | Place    | Note
-------+----------+-------------------------------------------
     0 | D:1      | funkygono the Minotaur Fighter began the quest for the Orb.
     0 | D:1      | Reached XP level 1. HP: 19/19 MP: 0/0
   308 | D:1      | Reached XP level 2. HP: 27/27 MP: 1/1
   812 | D:1      | Reached XP level 3. HP: 31/33 MP: 2/2
  1398 | D:2      | Reached XP level 4. HP: 39/40 MP: 3/3
  1575 | D:2      | Reached XP level 5. HP: 40/46 MP: 4/4
  1678 | D:2      | Noticed a necrophage
  1697 | D:2      | Killed a necrophage
  1697 | D:2      | Reached skill level 5 in Armour
  1697 | D:2      | Reached skill level 1 in Dodging
  2147 | D:3      | Noticed Terence
  2168 | D:3      | Killed Terence
  2168 | D:3      | Reached skill level 5 in Shields
  2309 | D:3      | Noticed Ijyb
  2316 | D:3      | Killed Ijyb
  2316 | D:3      | Reached XP level 6. HP: 52/52 MP: 5/5
  2652 | D:3      | Found a shadowy altar of Dithmenos.
  2652 | D:3      | Found a faded altar of an unknown god.
  2657 | D:3      | Found a faded altar of an unknown god.
  2659 | D:3      | Found a glowing silver altar of Zin.
  2661 | D:3      | Found a burning altar of Makhleb.
  2853 | D:3      | Noticed Sigmund
  2863 | D:3      | Killed Sigmund
  2863 | D:3      | Reached skill level 5 in Maces & Flails
  3150 | D:4      | Reached XP level 7. HP: 43/59 MP: 6/6
  3223 | D:4      | Reached skill level 5 in Fighting
  3448 | D:4      | Found a sparkling altar of Nemelex Xobeh.
  4281 | D:3      | Became a worshipper of Zin the Law-Giver
  4281 | D:3      | Reached * piety under Zin
  4330 | D:5      | Entered Level 5 of the Dungeon
  4440 | D:5      | Reached ** piety under Zin
  4501 | D:5      | Identified the +10 falchion of the Maze {vorpal, *Contam
                  | rC+ rN+}
  4628 | D:5      | Reached XP level 8. HP: 54/67 MP: 7/7
  5068 | D:5      | Reached skill level 1 in Long Blades
  5350 | D:6      | Found an opulent altar of Gozag.
  5350 | D:6      | Found a basalt altar of Yredelemnul.
  5399 | D:6      | Reached *** piety under Zin
  5610 | D:6      | Found a glowing drain.
  5630 | Sewer    | Entered a sewer
  6148 | D:6      | Got a shimmering quarterstaff
  7006 | D:7      | Reached XP level 9. HP: 63/74 MP: 8/8
  7100 | D:7      | Reached skill level 5 in Long Blades
  7300 | D:7      | Found Buahokk's Antique Weapon Boutique.
  7317 | D:7      | Reached **** piety under Zin
  7330 | D:7      | Found a blossoming altar of Fedhas.
  7373 | D:7      | Reached ***** piety under Zin
  7434 | D:7      | Found a staircase to the Ecumenical Temple.
  7483 | D:7      | Reached skill level 1 in Invocations
  7592 | D:7      | Found a sacrificial altar of Ru.
  7707 | D:7      | Found a shimmering altar of Xom.
  7917 | D:8      | Found a flagged portal.
  7931 | Bailey   | Entered a bailey
  7972 | Bailey   | Reached ****** piety under Zin
  9088 | D:9      | Noticed Maggie
  9106 | D:9      | Killed Maggie
  9130 | D:9      | Reached XP level 10. HP: 64/83 MP: 7/10
  9238 | D:9      | Noticed a two-headed ogre
  9247 | D:9      | Killed a two-headed ogre
  9952 | D:10     | Entered Level 10 of the Dungeon
 10009 | D:10     | Noticed an elephant
 10010 | D:10     | Found a staircase to the Lair.
 10026 | D:10     | Killed an elephant
 10036 | D:10     | Noticed a deep elf mage
 10044 | D:10     | Killed a deep elf mage
 10044 | D:10     | Reached skill level 10 in Shields
 10253 | D:10     | Reached skill level 5 in Dodging
 10715 | D:10     | Reached skill level 10 in Long Blades
 10957 | D:10     | Noticed a cyclops
 10962 | D:10     | Killed a cyclops
 10962 | D:10     | Reached XP level 11. HP: 59/93 MP: 10/12
 11347 | D:11     | Noticed Sonja
 11372 | D:11     | Found a staircase to the Orcish Mines.
 11376 | D:11     | Found a frozen archway.
 11430 | D:10     | Slain by a polar bear

Illustrated notes

Levels and vault maps discovered:
D:1:      dpeg_arrival_lava_temple_mockup, layout_loops_ring, chequers_garden
D:2:      minmay_spotlight, layout_basic, first_ration, minmay_quantized
D:3:      layout_basic, chequers_temple_overflow_minitemple,
          due_unseen_surprise, uniq_terence, uniq_ijyb, uniq_sigmund
D:4:      kb_forest_paths, layout_loops_ring, lemuel_coloured_pillars_altar,
          minmay_manual_mail
D:5:      layout_gridville
D:6:      layout_rooms, grunt_temple_overflow_open, gup_sewer_entry_pipe,
          minmay_mini_ossuary
D:7:      layout_cave_pools, kennysheep_mini_moat, overflow_temple_1_default,
          hangedman_ru_absence, minmay_temple_entry_stoned_glass, serial_shops,
          shop_coins
D:8:      layout_loops_ring, serial_rivers, chequers_serial_rivers_micro_e,
          chequers_serial_rivers_micro_e, chequers_serial_rivers_marsh,
          chequers_serial_rivers_room_a, chequers_serial_rivers_marsh,
          chequers_serial_rivers_large_a, enter_bailey_2, grunt_ogre_cave,
          minivault_26, minmay_misc_feat_encased
D:9:      layout_basic, uniq_maggie
D:10:     layout_grid_maze, david_lair_generic, lightli_minifort
D:11:     layout_small_grid, orc_0_dummy, serial_ice, serial_ice_l,
          serial_ice_e, serial_ice_o, serial_ice_m,
          portal_ice_cave_entry_pillars_1, uniq_sonja, uniq_josephine

Skill      XL: |  1  2  3  4  5  6  7  8  9 10 11 |
---------------+----------------------------------+-----
Shields        | 4 5 6 7 9 10 | 10.6
Fighting       | 4 5 6 7 8 |  8.0
Armour         | 4 5 6 7 8 9 |  9.7
Maces & Flails | 3 4 5 7 |  7.2
Dodging        | 1 2 3 4 5 |  5.3
Long Blades    | 4 7 10 | 10.5
Invocations    | 1 2 3 |  3.1

Action                   |  1- 3 |  4- 6 |  7- 9 | 10-12 || total
-------------------------+-------+-------+-------+-------++-------
Melee: Flail             |   107 |    94 |    96 |       ||   297
       Headbutt          |    15 |    24 |    66 |    38 ||   143
       Falchion          |       |       |   226 |   134 ||   360
Invok: Recite            |       |       |     3 |     3 ||     6
       Vitalisation      |       |       |     3 |     3 ||     6
  Use: Scroll            |     6 |     4 |    16 |     3 ||    29
       Potion            |       |       |     4 |     1 ||     5
  Eat: Chunk             |     2 |     5 |    12 |     4 ||    23
       Ration            |       |       |     3 |     1 ||     4
Armor: Scale mail        |    40 |    25 |   137 |    91 ||   293
Dodge: Dodged            |    25 |    18 |   132 |    98 ||   273
Block: Kite shield       |    58 |    40 |   264 |   162 ||   524
       Rpst.: Falchion   |       |       |    23 |    29 ||    52
